[Event "Team 45 45 League T89"]
[Site "Internet Chess Club"]
[Date "2021.08.02"]
[Round "4"]
[White "Redman1"]
[Black "Grenadier"]
[Result "1/2-1/2"]
[WhiteElo "1570"]
[BlackElo "1549"]
[Opening "Old Indian defense"]
[ECO "A53"]
[Time "15:00:29"]
[TimeControl "2700+45"]

1. d4 Nf6 2. c4 d6 3. g3 Nbd7 4. Nc3 e5 5. Nf3 Be7 6. e4 O-O 7. Bg2 c6 8. O-O
Re8 9. Re1 Bf8 10. h3 Qc7 11. Be3 b6 12. b3 Bb7 13. Qc2 Rad8 14. Rac1 exd4 15.
Nxd4 c5 16. Ndb5 Qb8 17. Nd5 Nxd5 18. cxd5 Ba6 19. a4 Nf6 20. Na3 Re7 21. Bg5
Rde8 22. Nc4 Bxc4 23. Qxc4 h6 24. Bxf6 gxf6 25. b4 Bg7 26. bxc5 bxc5 27. Rb1 Rb7
28. Qc2 Ree7 29. Bf1 a5 30. Rb5 Rxb5 31. Bxb5 f5 32. Re2 fxe4 33. Rxe4 Qb7 34.
Bc6 Qc7 35. f3 Kf8 36. Kg2 Rxe4 37. Qxe4 Qe7 38. Qxe7+ {Game drawn by mutual
agreement} 1/2-1/2

[Event "Team 45 45 League T89"]
[Site "Internet Chess Club"]
[Date "2021.08.01"]
[Round "4"]
[White "clarinetref"]
[Black "mongmong"]
[Result "0-1"]
[WhiteElo "1468"]
[BlackElo "1543"]
[Opening "English: Romanishin gambit"]
[ECO "A13"]
[Time "19:42:35"]
[TimeControl "2700+45"]

1. Nf3 e6 2. c4 Nf6 3. g3 a6 4. Bg2 b5 5. b3 Bb7 6. O-O c5 7. cxb5 axb5 8. d3
Be7 9. Bb2 O-O 10. Nbd2 d6 11. Qc2 Qb6 12. a4 bxa4 13. Rxa4 Rxa4 14. bxa4 Nc6
15. Nc4 Qc7 16. Bc3 Ra8 17. Ra1 Nd5 18. Qb2 Nxc3 19. Qxc3 Bf6 20. d4 Nxd4 21.
Ra2 Nxf3+ 22. Qxf3 Bxf3 23. Bxf3 d5 24. Ne3 g6 25. Ng4 Bg7 26. e4 h5 27. Ne3
dxe4 28. Bxe4 Ra5 29. Nc4 Ra7 30. a5 Bd4 31. Bd3 Qb8 32. Kg2 Qb3 33. Rd2 Bc3 34.
Rc2 Bxa5 35. Ne5 Bb4 36. Rc1 Qb2 {White resigns} 0-1

[Event "Team 45 45 League T89"]
[Site "Internet Chess Club"]
[Date "2021.07.31"]
[Round "4"]
[White "g8wrb"]
[Black "BrerRabbit"]
[Result "1-0"]
[WhiteElo "1353"]
[BlackElo "1350"]
[Opening "Nimzovich-Larsen attack: classical variation"]
[ECO "A01"]
[Time "11:03:43"]
[TimeControl "2700+45"]

1. b3 d5 2. Bb2 c6 3. Nf3 Nf6 4. e3 Bf5 5. Bd3 Bxd3 6. cxd3 e6 7. O-O Nbd7 8.
Re1 Be7 9. Qc2 O-O 10. e4 dxe4 11. dxe4 Bb4 12. a3 Ba5 13. Nc3 Rc8 14. e5 Nd5
15. b4 Bc7 16. Rac1 h6 17. Qa4 a6 18. Ne4 N7b6 19. Qb3 Nd7 20. d4 f6 21. Nc5
Nxc5 22. bxc5 b5 23. Bc3 f5 24. Bd2 Rb8 25. h3 Ba5 26. Bb4 Ra8 27. Nh2 Bxb4 28.
axb4 a5 29. bxa5 Qxa5 30. Qb2 Qa7 31. Ra1 Qb7 32. Ra2 Rxa2 33. Qxa2 Ra8 34. Qb2
Ra4 35. Ra1 Qa6 36. Rxa4 Qxa4 37. Nf1 Kf7 38. Nd2 b4 39. Nb1 Ke7 40. g4 g6 41.
Qc1 f4 42. Kg2 g5 43. Qb2 Qa5 44. Qc2 Nc3 45. Qh7+ Kd8 46. Qg8+ Kc7 47. Qf7+ Kb8
48. Qe8+ Kb7 49. Nxc3 bxc3 50. Qxe6 c2 51. Qb3+ Kc7 52. Qxc2 Qb4 53. Qh7+ {Black
resigns} 1-0

[Event "Team 45 45 League T89"]
[Site "Internet Chess Club"]
[Date "2021.08.03"]
[Round "4"]
[White "gregorgg"]
[Black "SeniorCitizen"]
[Result "1-0"]
[WhiteElo "1398"]
[BlackElo "1228"]
[Opening "French: Rubinstein variation"]
[ECO "C10"]
[Time "04:52:04"]
[TimeControl "2700+45"]

1. e4 e6 2. d4 d5 3. Nc3 dxe4 4. Nxe4 Nf6 5. Bg5 Be7 6. Nxf6+ Bxf6 7. Bxf6 Qxf6
8. Nf3 O-O 9. Bc4 c6 10. O-O b5 11. Bb3 Bb7 12. c3 Nd7 13. Qd3 Qh6 14. Rfe1 a5
15. Bc2 Rad8 16. Ng5 Nf6 17. Ne4 Nxe4 18. Qxe4 Qg6 19. Qe2 Qg5 20. Rad1 c5 21.
Be4 Bxe4 22. Qxe4 cxd4 23. Rxd4 Rxd4 24. cxd4 Rd8 25. f4 Qd5 26. Qxd5 Rxd5 27.
Rd1 Kf8 28. Kf2 Ke7 29. Ke3 Kf6 30. g4 g5 31. Rf1 gxf4+ 32. Rxf4+ Kg6 33. Ke4 f6
34. h4 h6 35. Ke3 f5 36. gxf5+ Rxf5 37. Ke4 h5 38. Rxf5 exf5+ 39. Ke5 f4 40.
Kxf4 Kf6 41. d5 Ke7 42. Ke5 b4 43. d6+ Kd7 44. b3 {Black resigns} 1-0

[Event "Team 45 45 League T89"]
[Site "Internet Chess Club"]
[Date "2021.07.31"]
[Round "4"]
[White "PsyMar"]
[Black "Kidpython"]
[Result "1-0"]
[WhiteElo "1340"]
[BlackElo "1096"]
[Opening "Scotch game"]
[ECO "C45"]
[Time "10:00:24"]
[TimeControl "2700+45"]

1. e4 e5 2. Nf3 Nc6 3. d4 exd4 4. Nxd4 Nxd4 5. Qxd4 Qf6 6. e5 c5 7. Qe4 Qe6 8.
Bc4 Qe7 9. O-O f6 10. Bxg8 Rxg8 11. Qxh7 Qf7 12. exf6 gxf6 13. Re1+ Be7 14.
Qxf7+ Kxf7 15. Nc3 b6 16. Nd5 Bd6 17. Bf4 Bxf4 18. Nxf4 Bb7 19. Rad1 Bc6 20. h4
Rg4 21. g3 Rag8 22. Kh2 f5 23. Rg1 Ke7 24. Rde1+ Kd8 25. Nd3 Be4 26. Ne5 R4g7
27. c4 d6 28. f3 Bb7 29. Rd1 Ke7 30. Nd3 Bxf3 31. Rde1+ Kd7 32. a3 Re7 33. Rxe7+
Kxe7 34. Nf4 Kf6 35. Re1 Be4 36. Kh3 Ke5 37. b3 Kd4 38. Ne6+ Kd3 39. Nf4+ Kd4
40. Rd1+ Ke5 41. Nd3+ Bxd3 42. Rxd3 Ke4 43. Rxd6 Rg7 44. Re6+ Kf3 45. h5 Rxg3+
46. Kh2 Rg2+ 47. Kh1 Rg5 48. h6 Rh5+ 49. Kg1 Rg5+ 50. Kf1 Rh5 51. Ke1 Kg4 52.
Rg6+ Kf4 53. Kd2 Kf3 54. Rf6 f4 55. Kd3 Rh4 56. a4 Rh3 57. Kd2 Rh2+ 58. Kd1 Ke3
59. Re6+ Kd3 60. Ke1 f3 61. Rd6+ Kc3 62. Rf6 Rh3 63. Kf2 Rh2+ 64. Kxf3 Kxb3 65.
Kg3 Rh1 66. Rf3+ Kxa4 67. Rf7 Kb4 68. h7 Kxc4 69. Rf4+ Kb5 70. Rh4 Rxh4 71. Kxh4
c4 72. h8=Q a5 73. Qe5+ Kb4 74. Kg3 a4 75. Qb2+ Kc5 76. Kf3 b5 77. Ke3 b4 78.
Qd4+ Kb5 79. Qd5+ Kb6 80. Qxc4 Ka5 81. Qc5+ Ka6 82. Qxb4 a3 83. Kd4 a2 84. Qa4+
Kb6 85. Qxa2 Kb7 86. Qe6 Ka8 87. Qd7 Kb8 88. Kc5 Ka8 89. Kb6 Kb8 90. Qb7# {Black
checkmated} 1-0

[Event "Team 45 45 League T89"]
[Site "Internet Chess Club"]
[Date "2021.07.30"]
[Round "4"]
[White "kabindra"]
[Black "gduranko"]
[Result "1-0"]
[WhiteElo "1782"]
[BlackElo "1410"]
[Opening "Sicilian: closed"]
[ECO "B23"]
[Time "15:02:51"]
[TimeControl "2700+45"]

1. e4 c5 2. Nc3 g6 3. d4 cxd4 4. Qxd4 Nf6 5. Bb5 Nc6 6. Bxc6 bxc6 7. e5 Nh5 8.
Nge2 Qb6 9. e6 Qxd4 10. exf7+ Kxf7 11. Nxd4 Bg7 12. Be3 e5 13. Nde2 d5 14. Bc5
Bf5 15. O-O Bxc2 16. f4 Ke8 17. fxe5 Bf5 18. Nd4 Bf8 19. Bxf8 Rxf8 20. Nxc6 Kd7
21. Nd4 Be6 22. Rfd1 Rab8 23. Rab1 Rbd8 24. Ndb5 a6 25. Nd6 Nf6 26. Nb7 Ke7 27.
Nxd8 {Black resigns} 1-0

[Event "Team 45 45 League T89"]
[Site "Internet Chess Club"]
[Date "2021.07.31"]
[Round "4"]
[White "chesskix"]
[Black "Conjurer"]
[Result "1-0"]
[WhiteElo "1463"]
[BlackElo "1183"]
[Opening "English: symmetrical, Botvinnik system"]
[ECO "A36"]
[Time "13:01:25"]
[TimeControl "2700+45"]

1. c4 c5 2. Nc3 Nc6 3. g3 g6 4. Bg2 Bg7 5. e4 e6 6. Nge2 Nge7 7. O-O O-O 8. d3
a6 9. a4 f5 10. f4 Nd4 11. e5 Nec6 12. Nxd4 Nxd4 13. Ne2 d5 14. Nxd4 cxd4 15.
cxd5 exd5 16. Re1 Re8 17. Qb3 Be6 18. Qxb7 Re7 19. Qb3 Rb8 20. Qc2 Rc8 21. Qd2
Rec7 22. Qa5 Rc6 23. Qxd8+ Rxd8 24. b4 Rc2 25. Rd1 Bf8 26. b5 axb5 27. axb5 Rb8
28. Rb1 Rc5 29. b6 Rb7 30. Ba3 Rc6 31. Bxf8 Kxf8 32. Rdc1 Rxc1+ 33. Rxc1 Rxb6
34. h4 h5 35. Bf3 Ke7 36. Kf2 Rb5 37. Rc7+ Bd7 38. Ke1 Ke6 39. Kd2 Rb2+ 40. Rc2
Rxc2+ 41. Kxc2 Ba4+ 42. Kb2 Bb5 43. Be2 Ba6 44. Kb3 Kd7 45. Kb4 Bb7 46. Kc5 Ke7
47. Bf3 Ke6 48. Kxd4 {Black resigns} 1-0

[Event "Team 45 45 League T89"]
[Site "Internet Chess Club"]
[Date "2021.07.29"]
[Round "4"]
[White "Toalla"]
[Black "xingon"]
[Result "0-1"]
[WhiteElo "1126"]
[BlackElo "1380"]
[Opening "Nimzovich-Larsen attack: modern variation"]
[ECO "A01"]
[Time "19:01:53"]
[TimeControl "2700+45"]

1. b3 e5 2. Bb2 Nc6 3. e3 d5 4. c4 d4 5. exd4 exd4 6. Nf3 Bg4 7. Be2 d3 8. Bf1
Qe7+ 9. Be2 Qxe2+ 10. Qxe2+ dxe2 11. Kxe2 O-O-O 12. Re1 Nf6 13. d3 Bb4 14. Bc3
Nd4+ 15. Bxd4 Bxe1 16. Kxe1 Bxf3 17. Bxf6 Rxd3 18. gxf3 Re8+ 19. Kf1 Rd1+ 20.
Kg2 gxf6 21. a4 Ree1 22. Kg3 Rxb1 23. Ra2 Rxb3 24. Rd2 Rb4 25. a5 Rxc4 {White
resigns} 0-1

[Event "Team 45 45 League T89"]
[Site "Internet Chess Club"]
[Date "2021.07.30"]
[Round "4"]
[White "Fulmar"]
[Black "oldbookseller"]
[Result "1-0"]
[WhiteElo "1175"]
[BlackElo "907"]
[Opening "Ruy Lopez: Cozio defense"]
[ECO "C60"]
[Time "12:00:25"]
[TimeControl "2700+45"]

1. e4 e5 2. Nf3 Nc6 3. Bb5 Nge7 4. c3 g6 5. d4 exd4 6. cxd4 Bg7 7. O-O O-O 8.
Nc3 d5 9. Be3 dxe4 10. Nxe4 Bf5 11. Ng3 Qd5 12. Ba4 Bg4 13. Bxc6 Qxc6 14. Rc1
Qd6 15. h3 Nf5 16. hxg4 Nxe3 17. fxe3 Bh6 18. Qe1 Rae8 19. Rc3 c6 20. g5 Bxg5
21. Nxg5 Re7 22. N5e4 Qe6 23. Nf6+ Kh8 24. b3 Qd6 25. Nge4 Qe6 26. Qh4 h5 27.
Qg5 Qxe4 28. Qh6# {Black checkmated} 1-0

[Event "Team 45 45 League T89"]
[Site "Internet Chess Club"]
[Date "2021.08.02"]
[Round "4"]
[White "Gojira"]
[Black "julesraider"]
[Result "1-0"]
[WhiteElo "1565"]
[BlackElo "1528"]
[Opening "Queen's pawn game"]
[ECO "D00"]
[Time "21:35:34"]
[TimeControl "2700+45"]

1. d4 Nf6 2. Nc3 d5 3. Bf4 c6 4. e3 Bg4 5. f3 Bh5 6. h4 h6 7. g4 Bg6 8. Bd3 Bxd3
9. Qxd3 e6 10. Nge2 Bd6 11. O-O-O Qe7 12. e4 Bxf4+ 13. Nxf4 dxe4 14. fxe4 Na6
15. e5 Nb4 16. Qf3 Nfd5 17. Nfxd5 cxd5 18. a3 Nc6 19. Nb5 O-O 20. Kb1 Na5 21. g5
a6 22. gxh6 axb5 23. hxg7 Rfc8 24. Qh5 f5 25. exf6 Qxf6 26. Rdf1 Qxg7 27. Rhg1
Rc7 28. Qe5 Kh7 29. Rxg7+ Rxg7 30. Qxe6 Nc4 31. Rf7 Nd2+ 32. Kc1 Nc4 33. h5 Ra6
34. Rxg7+ Kxg7 35. Qxd5 Rf6 36. Qg5+ Kf7 37. Qg2 Re6 38. Qxb7+ Kf6 39. Qf3+ Ke7
40. c3 Re1+ 41. Kc2 Nd6 42. h6 Re6 43. h7 Rh6 44. Qe3+ Re6 45. Qxe6+ Kxe6 46.
h8=Q Nc4 47. Kb3 Nd6 48. Kb4 Kd5 49. Qd8 Kc6 50. Qxd6+ Kxd6 51. Kxb5 Kc7 52. Kc5
Kc8 53. Kd6 Kd8 54. d5 Kc8 55. Ke7 Kc7 56. d6+ Kc6 57. d7 Kb5 58. b3 Kc5 59.
d8=Q Kb5 60. Qc8 Kb6 61. Kd6 Kb5 62. Qb8+ Ka5 63. Kc6 Ka6 64. Qa8# {Black
checkmated} 1-0

[Event "Team 45 45 League T89"]
[Site "Internet Chess Club"]
[Date "2021.07.31"]
[Round "4"]
[White "CMAlge"]
[Black "howah45"]
[Result "0-1"]
[WhiteElo "1284"]
[BlackElo "1154"]
[Opening "Caro-Kann: 3.Nd2"]
[ECO "B12"]
[Time "11:00:21"]
[TimeControl "2700+45"]

1. e4 c6 2. d4 d5 3. Nd2 Nf6 4. exd5 cxd5 5. h3 Nc6 6. Ngf3 a6 7. a4 Bf5 8. c3
e6 9. Nb3 Qb6 10. Be3 Bd6 11. Nc5 Qxb2 12. Be2 Bxc5 13. dxc5 Qxc3+ 14. Bd2 Qxc5
15. Rc1 Qd6 16. Qb3 Rb8 17. O-O O-O 18. Qb6 Ne4 19. Rfd1 Ne5 20. Qxd6 Nxf3+ 21.
Bxf3 Nxd6 22. Bb4 Rfd8 23. h4 h6 24. Be2 Nc4 25. Bxc4 dxc4 26. Rxd8+ Rxd8 27.
Rxc4 Bd3 28. Rc3 Rd4 29. Ba3 b5 30. Bb2 Bc4 31. f3 Rxh4 32. Re3 Rh5 33. g4 Rd5
34. Re5 Rd1+ {White resigns} 0-1

[Event "Team 45 45 League T89"]
[Site "Internet Chess Club"]
[Date "2021.07.30"]
[Round "4"]
[White "WzeroMN"]
[Black "seldredg"]
[Result "0-1"]
[WhiteElo "1050"]
[BlackElo "1329"]
[Opening "Pirc defense"]
[ECO "B07"]
[Time "13:00:19"]
[TimeControl "2700+45"]

1. e4 d6 2. d4 Nf6 3. Nc3 Nbd7 4. Bc4 e5 5. d5 Be7 6. Nf3 h6 7. O-O a6 8. b4 Nf8
9. a4 b6 10. b5 a5 11. Ba3 g5 12. h3 Ng6 13. Bc1 Nh5 14. g4 Nhf4 15. Bxf4 Nxf4
16. Kh2 Qd7 17. Ne2 Nxh3 18. Nfg1 Nf4 19. Nxf4 gxf4 20. f3 Bh4 21. Nh3 Bg3+ 22.
Kg2 Qe7 23. Rh1 Bd7 24. Ng1 O-O-O 25. Ne2 Bh4 26. Rh3 h5 27. Qh1 hxg4 28. fxg4
Bxg4 29. Rxh4 Rxh4 30. Qf1 Bh3+ {White resigns} 0-1

[Event "Team 45 45 League T89"]
[Site "Internet Chess Club"]
[Date "2021.08.01"]
[Round "4"]
[White "ascoli"]
[Black "Timmah4651"]
[Result "1/2-1/2"]
[WhiteElo "1614"]
[BlackElo "1584"]
[Opening "French: King's Indian attack"]
[ECO "C00"]
[Time "07:03:39"]
[TimeControl "2700+45"]

1. e4 e6 2. d3 d5 3. Nd2 c5 4. Ngf3 Nc6 5. g3 Nf6 6. Bg2 dxe4 7. dxe4 e5 8. O-O
Be7 9. Qe2 O-O 10. c3 Bg4 11. Rd1 Qc7 12. h3 Bh5 13. Nc4 Rfd8 14. Bg5 Rxd1+ 15.
Rxd1 Rd8 16. Bxf6 Bxf6 17. h4 Be7 18. Ne3 Rxd1+ 19. Qxd1 Qd8 20. Qxd8+ Bxd8 21.
Nd5 f6 22. Nd2 b5 23. Nf1 c4 24. Bh3 Be8 25. Nfe3 Ne7 26. Be6+ Kf8 27. Nxe7 Kxe7
28. Bd5 g6 29. a4 Bb6 30. Nc2 Bc5 31. Ne1 b4 32. Bxc4 bxc3 33. bxc3 Bxa4 34. Nd3
Ba3 35. Nb4 Bxb4 36. cxb4 Kd6 37. Kf1 Kc6 38. Ke1 Bb5 39. Bg8 h6 40. Kd2 Kb6 41.
Bf7 g5 42. hxg5 hxg5 43. Kc3 a5 44. bxa5+ Kxa5 45. Kd2 Bd7 46. Bg6 Kb4 47. Ke3
Bg4 48. f4 Kc3 49. fxe5 fxe5 50. Bf5 Bh5 51. Bh7 Bg4 52. Bf5 Bh5 {Game drawn by
mutual agreement} 1/2-1/2

[Event "Team 45 45 League T89"]
[Site "Internet Chess Club"]
[Date "2021.08.01"]
[Round "4"]
[White "Grenadier"]
[Black "Electryon"]
[Result "1-0"]
[WhiteElo "1548"]
[BlackElo "1446"]
[Opening "French: advance, Euwe variation"]
[ECO "C02"]
[Time "10:01:18"]
[TimeControl "2700+45"]

1. e4 e6 2. d4 d5 3. e5 c5 4. c3 Nc6 5. Nf3 Bd7 6. Bd3 cxd4 7. cxd4 Qb6 8. O-O
Nxd4 9. Nxd4 Qxd4 10. Nc3 a6 11. Re1 Ne7 12. Kh1 Qxf2 13. Be3 Qxb2 14. Na4 Bxa4
15. Qxa4+ b5 16. Qf4 Ng6 17. Bxg6 hxg6 18. Rf1 f5 19. exf6 Qxf6 20. Qc7 Qe7 21.
Qc6+ Qd7 22. Qxa8+ Qd8 23. Qxa6 Qd6 24. Qxb5+ Qd7 25. Qb8+ Qd8 26. Qg3 Bd6 27.
Qxg6+ Kd7 28. Rf7+ Kc8 29. Rc1+ Kb8 30. Qb1+ Ka8 31. Qb7# {Black checkmated} 1-0

[Event "Team 45 45 League T89"]
[Site "Internet Chess Club"]
[Date "2021.08.01"]
[Round "4"]
[White "tryanything"]
[Black "GoIrish"]
[Result "1-0"]
[WhiteElo "1494"]
[BlackElo "1508"]
[Opening "French: Two knights variation"]
[ECO "C00"]
[Time "05:30:31"]
[TimeControl "2700+45"]

1. e4 e6 2. Nc3 d5 3. Nf3 dxe4 4. Nxe4 Be7 5. c3 Nf6 6. Nxf6+ Bxf6 7. d4 Nd7 8.
Bd3 O-O 9. O-O Rb8 10. Qe2 a6 11. Qe4 g6 12. h4 b6 13. Bg5 Bb7 14. Qe3 Bxf3 15.
Qxf3 Bxg5 16. hxg5 Qxg5 17. Bxa6 e5 18. Qc6 Qd8 19. Bb5 exd4 20. Qxd7 dxc3 21.
bxc3 Qxd7 22. Bxd7 Rbd8 23. Rfd1 Kg7 24. c4 f5 25. a4 Ra8 26. Bc6 Ra5 27. Rd7+
Rf7 28. Rad1 Rc5 29. Rxf7+ Kxf7 30. Rd7+ Kf6 31. Bd5 c6 32. Rd6+ Ke5 33. Rxc6
Ra5 34. Rxb6 Rxa4 35. g3 f4 36. gxf4+ Kxf4 37. Rb3 h5 38. Rf3+ Kg5 39. Kg2 Ra5
40. Rc3 Rc5 41. Rb3 Kf4 42. Rb5 Rc7 43. c5 Ke5 44. Bf3 Kd4 45. c6 g5 46. Rxg5
{Black resigns} 1-0

[Event "Team 45 45 League T89"]
[Site "Internet Chess Club"]
[Date "2021.07.30"]
[Round "4"]
[White "seattleblues"]
[Black "clarinetref"]
[Result "0-1"]
[WhiteElo "1330"]
[BlackElo "1482"]
[Opening "Queen's gambit accepted"]
[ECO "D23"]
[Time "20:05:07"]
[TimeControl "2700+45"]

1. d4 d5 2. Nf3 Nf6 3. c4 dxc4 4. a4 Nc6 5. Nc3 Bg4 6. e3 Na5 7. Bd2 e6 8. h3
Bf5 9. Ne5 Nb3 10. Ra2 Nxd2 11. Qxd2 Bb4 12. Bxc4 c5 13. Bb5+ Ke7 14. O-O Ne4
15. Qc1 Qa5 16. Nxe4 Bxe4 17. f3 Bd5 18. Bc4 Bd2 19. Qd1 Bxe3+ 20. Kh1 cxd4 21.
Bxd5 Qxd5 22. Qc2 Qxe5 23. Qb3 b6 24. Raa1 Rhd8 25. Rfe1 Qg3 26. Qb4+ Qd6 27.
Qxd6+ Rxd6 28. Rad1 Rad8 29. Rd3 Bf4 30. Re4 e5 31. b3 Rc8 32. Rd1 f5 33. Re2 d3
34. Rb2 Rc2 35. Rbb1 e4 36. fxe4 fxe4 37. Rf1 Bh6 38. Rfe1 e3 39. Rf1 Rf6 {White
resigns} 0-1

[Event "Team 45 45 League T89"]
[Site "Internet Chess Club"]
[Date "2021.07.31"]
[Round "4"]
[White "Signofthetimes"]
[Black "Redman1"]
[Result "1/2-1/2"]
[WhiteElo "1581"]
[BlackElo "1571"]
[Opening "Giuoco Pianissimo: Italian four knights variation"]
[ECO "C50"]
[Time "09:00:12"]
[TimeControl "2700+45"]

1. e4 e5 2. Nf3 Nc6 3. Bc4 Bc5 4. Nc3 Nf6 5. d3 a6 6. Bg5 h6 7. Bxf6 Qxf6 8. Nd5
Qd8 9. Qd2 d6 10. h3 Ne7 11. O-O-O Nxd5 12. Bxd5 c6 13. Bb3 Qf6 14. Rhf1 O-O 15.
d4 Ba7 16. dxe5 dxe5 17. Qd6 Qxd6 18. Rxd6 Re8 19. Nd2 Bc5 20. Rd3 Be6 21. Nc4
Bxc4 22. Bxc4 Rad8 23. Kd1 b5 24. Bb3 Rxd3+ 25. cxd3 a5 26. a3 Bd4 27. Kc2 g5
28. g3 Kg7 29. f4 f6 30. f5 c5 31. g4 Rh8 32. Kb1 h5 33. Bd1 hxg4 34. Bxg4 b4
35. axb4 axb4 36. Kc2 Ra8 37. Kb3 Ra7 38. Rh1 Ra8 39. h4 gxh4 40. Rxh4 Rh8 {Game
drawn by mutual agreement} 1/2-1/2

[Event "Team 45 45 League T89"]
[Site "Internet Chess Club"]
[Date "2021.07.29"]
[Round "4"]
[White "ChessG2011"]
[Black "Kingofknights"]
[Result "1/2-1/2"]
[WhiteElo "1395"]
[BlackElo "1515"]
[Opening "Caro-Kann: Steinitz variation"]
[ECO "B17"]
[Time "18:00:10"]
[TimeControl "2700+45"]

1. e4 c6 2. d4 d5 3. Nc3 dxe4 4. Nxe4 Nd7 5. Nf3 Ngf6 6. Nxf6+ Nxf6 7. Bc4 e6 8.
O-O Be7 9. c3 O-O 10. Bf4 b5 11. Bb3 Nd5 12. Be5 Bb7 13. Bxd5 Qxd5 14. Qb3 Qd7
15. Rfd1 Bd6 16. Bxd6 Qxd6 17. a4 a6 18. Nd2 c5 19. dxc5 Qc6 20. f3 Qxc5+ 21.
Kh1 Bd5 22. Qc2 Rfc8 23. axb5 Qxb5 24. b3 Qb6 25. c4 a5 26. Qd3 Bb7 27. Qb1 Rd8
28. Ra2 Rd4 29. Nf1 Rad8 30. Rxd4 Rxd4 31. Rd2 e5 32. Rd1 g6 33. Ng3 Kg7 34. Ne2
Rxd1+ 35. Qxd1 Qe3 36. h3 h5 37. Kh2 h4 38. Nc1 Qf2 39. Qe2 Qg3+ 40. Kg1 Qf4 41.
Nd3 Qd4+ 42. Kh2 Qc3 43. Qxe5+ Qxe5+ 44. Nxe5 f6 45. Nd3 Kf7 46. Kg1 Bc6 47. Kf2
a4 48. bxa4 Bxa4 49. c5 Bb5 50. Nb4 Ke7 51. g3 {Game drawn by mutual agreement}
1/2-1/2

[Event "Team 45 45 League T89"]
[Site "Internet Chess Club"]
[Date "2021.07.31"]
[Round "4"]
[White "scostanzo212"]
[Black "Constrictor"]
[Result "0-1"]
[WhiteElo "1520"]
[BlackElo "1526"]
[Opening "Budapest: Fajarowicz variation"]
[ECO "A51"]
[Time "15:07:04"]
[TimeControl "2700+45"]

1. d4 Nf6 2. c4 e5 3. dxe5 Ne4 4. Nf3 Nc6 5. Qc2 d5 6. exd6 Bf5 7. dxc7 Qxc7 8.
e3 Ng3 9. Bd3 Bxd3 10. Qxd3 Nxh1 11. a3 Bd6 12. g3 O-O-O 13. Qf1 Nxf2 14. Qxf2
Rhe8 15. b4 Qd7 16. Bb2 Be5 17. Nc3 Bd4 18. Nd5 Bxe3 19. Nxe3 Qd3 20. Ne5 Nxe5
21. Qf5+ Qxf5 22. Nxf5 Nd3+ {White resigns} 0-1

[Event "Team 45 45 League T89"]
[Site "Internet Chess Club"]
[Date "2021.07.29"]
[Round "4"]
[White "oldsj"]
[Black "tightfist"]
[Result "1-0"]
[WhiteElo "1390"]
[BlackElo "1377"]
[Opening "French: advance, Paulsen attack"]
[ECO "C02"]
[Time "11:30:54"]
[TimeControl "2700+45"]

1. e4 e6 2. d4 d5 3. e5 c5 4. c3 Nc6 5. Nf3 Qb6 6. a3 Nge7 7. Be2 Nf5 8. O-O Be7
9. g4 Nh4 10. Nbd2 Bd7 11. Nxh4 Bxh4 12. Nf3 Be7 13. b4 cxd4 14. cxd4 h6 15. Be3
a6 16. Rc1 O-O 17. h3 f5 18. exf6 Bxf6 19. Ne5 Be8 20. Qd2 Qd8 21. f4 Nxe5 22.
fxe5 Be7 23. Bd3 Bc6 24. Bxh6 gxh6 25. Qxh6 Rf7 26. Rxf7 Kxf7 27. Bg6+ Kg8 28.
Qh7+ Kf8 29. Qf7# {Black checkmated} 1-0

[Event "Team 45 45 League T89"]
[Site "Internet Chess Club"]
[Date "2021.08.02"]
[Round "4"]
[White "marioseixas1992"]
[Black "MartyJR"]
[Result "0-1"]
[WhiteElo "1329"]
[BlackElo "1581"]
[Opening "Sicilian: Nimzovich-Rossolimo attack (with ...g6, without ...d6)"]
[ECO "B31"]
[Time "21:00:24"]
[TimeControl "2700+45"]

1. e4 c5 2. Nf3 Nc6 3. Bb5 g6 4. O-O Bg7 5. Re1 Nf6 6. e5 Nd5 7. Nc3 Nc7 8. Bxc6
dxc6 9. Ne4 b6 10. Nf6+ Kf8 11. Ne4 Bf5 12. Ng3 Qd7 13. Nh4 Bg4 14. f3 Qd4+ 15.
Kh1 Be6 16. Ne4 Bxe5 17. c3 Qd5 18. d4 Bg7 19. dxc5 b5 20. Bf4 Na6 21. Ng5 Nxc5
22. Qe2 Qc4 23. Qe3 h6 24. Nxg6+ fxg6 25. Nxe6+ Nxe6 26. Qxe6 Qxf4 27. Qxe7+ Kg8
28. Qe6+ Kh7 29. Qxc6 Qf5 30. Rad1 Rhc8 31. Qa6 Rc7 32. Re4 Rb8 33. Rd6 b4 34.
Qe2 bxc3 {White resigns} 0-1

[Event "Team 45 45 League T89"]
[Site "Internet Chess Club"]
[Date "2021.07.31"]
[Round "4"]
[White "goldeen7"]
[Black "Pawnchain"]
[Result "1-0"]
[WhiteElo "1451"]
[BlackElo "1270"]
[Opening "French: King's Indian attack"] [ECO "C00"] [NIC "FR.02"] [Time "12:00:45"] [TimeControl "2700+45"]

1. e4 e6 2. d3 d5 3. Nd2 c5 4. Ngf3 Nc6 5. g3 g6 6. Bg2 Bg7 7. c3 Nf6 8. O-O O-O
9. Re1 a5 10. a4 e5 11. exd5 Nxd5 12. Nc4 Bg4 13. h3 Bxf3 14. Qxf3 Nde7 15. Bg5
Qc7 16. h4 f6 17. Be3 b6 18. h5 Rab8 {Black resigns} 1-0

[Event "Team 45 45 League T89"]
[Site "Internet Chess Club"]
[Date "2021.07.31"]
[Round "4"]
[White "Tjet"]
[Black "RoyalFizzbin"]
[Result "0-1"]
[WhiteElo "1257"]
[BlackElo "1313"]
[Opening "English, 1...Nf6 (Anglo-Indian defense)"]
[ECO "A15"]
[Time "18:00:14"]
[TimeControl "2700+45"]

1. c4 Nf6 2. g3 g6 3. Bg2 Bg7 4. Nf3 O-O 5. d3 d6 6. e4 e5 7. O-O Nbd7 8. Nc3 c6
9. b3 Ne8 10. Be3 f5 11. Bh6 Bxh6 12. exf5 Rxf5 13. Bh3 Rf8 14. Be6+ Kh8 15. Nh4
Nc5 16. Bxc8 Qxc8 17. Kg2 Ng7 18. Ne4 Nxe4 19. dxe4 Qe6 20. h3 Rf7 21. Qg4 Qxg4
22. hxg4 Ne6 23. f3 Nd4 24. Rf2 Be3 25. Rff1 Raf8 26. Nxg6+ hxg6 27. Rh1+ Kg7
28. Rh3 Rxf3 {White resigns} 0-1

[Event "Team 45 45 League T89"]
[Site "Internet Chess Club"]
[Date "2021.07.30"]
[Round "4"]
[White "seattleblues"]
[Black "Ostap-Bender"]
[Result "1/2-1/2"]
[WhiteElo "1340"]
[BlackElo "1251"]
[Opening "Nimzo-Indian: 4.e3, main line"]
[ECO "E59"]
[Time "15:18:47"]
[TimeControl "2700+45"]

1. d4 Nf6 2. Nf3 e6 3. c4 Bb4+ 4. Nc3 O-O 5. e3 d5 6. Be2 c5 7. O-O dxc4 8. Bxc4
Nc6 9. a3 Bxc3 10. bxc3 cxd4 11. cxd4 a6 12. a4 Bd7 13. Re1 Rc8 14. Bb3 Qc7 15.
e4 Rfd8 16. Bg5 Ne8 17. Bxd8 Qxd8 18. e5 Nb4 19. Rc1 Nd5 20. Re2 Nc3 21. Rxc3
Rxc3 22. h3 Qc8 23. Rc2 Rxc2 24. Qxc2 Qxc2 25. Bxc2 Nc7 26. Bb3 b5 27. axb5 axb5
28. Kf1 Kf8 29. Ke2 Ke7 30. Ke3 Nd5+ 31. Kd2 h6 32. Ne1 Kd8 33. Bxd5 exd5 34.
Kc3 Kc7 35. Kb4 Kb6 36. Nd3 g5 37. f4 Bf5 38. Ne1 gxf4 39. h4 h5 40. Nf3 Be4 41.
Ne1 Bf5 42. Nf3 Be4 43. Ne1 {Game drawn by mutual agreement} 1/2-1/2